 Dungeon Crawl Stone Soup version 0.27-a0-988-g25969acef8 (webtiles) character file.

Game seed: 11624863285024978137

794 mightbedylan the Skirmisher (level 7, -2/62 HPs)
             Began as a Minotaur Berserker on Apr 13, 2021.
             Was a Priest of Trog.
             Slain by an orc
             ... wielding a +2 hand axe of electrocution
              (8 damage)
             ... on level 5 of the Dungeon on Apr 16, 2021.
             The game lasted 00:26:58 (4276 turns).

mightbedylan the Skirmisher (Minotaur Berserker)    Turns: 4276, Time: 00:26:59

Health: -2/62      AC:  0    Str: 24    XL:     7   Next: 58%
Magic:  6/6        EV: 16    Int:  4    God:    Trog [***...]
Gold:   137        SH:  3    Dex:  9    Spells: 6/6 levels left

rFire    . . .     SeeInvis .   (no weapon)
rCold    . . .     Faith    .   o - +0 buckler
rNeg     . . .     Spirit   .   (no armour)
rPois    .         Reflect  .   (helmet restricted)
rElec    .         Harm     .   (no cloak)
rCorr    .         Rampage  .   (no gloves)
Will     .....                  (no boots)
Stlth    +.........             (no amulet)
HPRegen  0.20/turn              y - +4 ring of evasion
MPRegen  0.10/turn              (no ring)

@: no status effects
A: horns 2, retaliatory headbutt
a: Renounce Religion, Berserk, Trog's Hand


You were on level 5 of the Dungeon.
You worshipped Trog.
Trog was most pleased with you.
You visited 2 branches of the dungeon, and saw 6 of its levels.

You collected 137 gold pieces.

Inventory:

Hand Weapons
 a - a +0 hand axe
 d - a +0 hunting sling
 i - a +2 long sword of protection
 r - a +0 mace
 s - a +2 quarterstaff of chaos
 u - a +5 short sword
Missiles
 x - 6 javelins
 z - 31 stones
Armour
 b - a +0 animal skin
 m - a +0 ring mail
 o - a +0 buckler (worn)
Jewellery
 e - a ring of ice
 f - a ring of positive energy
 h - a ring of magical power
 y - a +4 ring of evasion (left hand)
Wands
 t - a wand of polymorph (8)
 B - a wand of digging (4)
Scrolls
 c - 3 scrolls of identify {unknown}
 j - 3 scrolls of amnesia
 k - 2 scrolls of immolation
 l - 2 scrolls of blinking {unknown}
 n - 2 scrolls of fear {unknown}
 v - a scroll of magic mapping {unknown}
 w - a scroll of fog {unknown}
Potions
 g - a potion of heal wounds {unknown}
 p - a potion of curing {unknown}
 q - a potion of brilliance {unknown}
 A - a potion of lignification {unknown}
 C - a potion of attraction {unknown}


   Skills:
 + Level 5.8 Fighting
 + Level 5.8 Long Blades
 + Level 4.9 Axes
 + Level 4.8 Armour
 + Level 4.0 Dodging
 + Level 0.5 Stealth
 + Level 0.4 Shields


You had 6 spell levels left.
You didn't know any spells.
Your spell library was empty.

Dungeon Overview and Level Annotations

Branches:
Dungeon (5/15)             Temple (1/1) D:4

Altars:
Ashenzari
Dithmenos
Elyvilon
Fedhas
Gozag
Hepliaklqana
Kikubaaqudgha
Nemelex Xobeh
Okawaru
Qazlal
Trog
Uskayaw
Vehumet
Wu Jian
Xom
Yredelemnul
Zin
The Shining One


Innate Abilities, Weirdness & Mutations

You have a pair of horns on your head.
You reflexively headbutt those who attack you in melee.


Message History

A scorpion zombie is nearby!
An orc comes into view. It is wielding a +0 club.
An orc comes into view. It is wielding a +0 hand axe.
The orc shouts! x2
An orc comes into view. It is wielding a +0 dagger.
An orc comes into view.
It is wielding a +2 hand axe of electrocution.
The orc shouts!
An orc comes into view. It is wielding a +0 dagger.
The scorpion zombie hits you.
The orc shouts!
You block the scorpion zombie's attack. You block the orc's attack.
The orc barely misses you.
Really attack while wielding nothing? [Y]es or [N]o only, please.
Really attack while wielding nothing? [Y]es or [N]o only, please.
Really attack while wielding nothing?
You barely miss the orc. You headbutt the orc.
The orc is severely wounded.
The scorpion zombie hits you. The orc closely misses you.
The orc hits you with a +0 club. The orc hits you with a +0 dagger.
The scorpion zombie hits you.
The orc hits you with a +2 hand axe of electrocution.
You are electrocuted!
The orc closely misses you. The orc hits you with a +0 club.
* * * LOW HITPOINT WARNING * * *
You block the orc's attack. The scorpion zombie hits you.
* * * LOW HITPOINT WARNING * * *
The orc misses you. The orc hits you with a +0 hand axe!
* * * LOW HITPOINT WARNING * * *
You block the orc's attack. You block the orc's attack. The orc misses you.
The scorpion zombie closely misses you. You furiously retaliate!
You headbutt the scorpion zombie! The orc closely misses you.
You furiously retaliate!
You headbutt the orc. The orc closely misses you. You furiously retaliate!
You headbutt the orc. The orc closely misses you. The orc barely misses you.
The orc closely misses you. The scorpion zombie closely misses you.
The orc hits you with a +2 hand axe of electrocution!
You die...

... ....... # .......
#### ....... ....
.......## .... ........##
# .### .........## ##.
.......oo..######..#
.......o@o....##....###
.......o.Z............###
.........................
.........................
#.......................
###.....................
#.....................
#..#.................#
#..##..............###


You could see 5 orcs and a scorpion zombie.

Vanquished Creatures
  Sigmund (D:3)
  Eustachio (D:5)
  A scorpion (D:3)
  Crazy Yiuf (D:2)
  2 orc priests
  A gnoll shaman (D:3)
  Jessica (D:2)
  2 iguanas (D:5)
  An orc wizard (D:3)
  A hound skeleton (D:4)
  6 gnolls
  5 adders
  An adder zombie (D:5)
  2 worms
  A dart slug (D:1)
  14 orcs
  7 ball pythons
  A bat (D:1)
  7 endoplasms
  7 goblins
  6 hobgoblins
  14 jackals
  5 kobolds
  3 quokkas
  7 rats
98 creatures vanquished.

Notes
Turn   | Place    | Note
-------+----------+-------------------------------------------
     0 | D:1      | mightbedylan the Minotaur Berserker began the quest for the
                  | Orb.
     0 | D:1      | Reached XP level 1. HP: 19/19 MP: 0/0
    78 | D:1      | Reached XP level 2. HP: 19/27 MP: 1/1
   690 | D:1      | Reached XP level 3. HP: 28/33 MP: 2/2
   858 | D:1      | You fall into a shaft and drop 1 floor!
   987 | D:2      | Noticed Jessica
   996 | D:2      | Killed Jessica
  1010 | D:2      | Reached ** piety under Trog
  1014 | D:2      | Reached XP level 4. HP: 41/41 MP: 3/3
  1177 | D:2      | Reached skill level 1 in Long Blades
  1948 | D:2      | Found a runed translucent door.
  1949 | D:2      | Noticed Crazy Yiuf
  1961 | D:2      | Killed Crazy Yiuf
  1962 | D:2      | Reached XP level 5. HP: 4/47 MP: 4/4
  2355 | D:3      | Reached skill level 5 in Fighting
  2355 | D:3      | Reached XP level 6. HP: 34/56 MP: 5/5
  2666 | D:3      | Found a bloodstained altar of Trog.
  2667 | D:3      | Found an iron altar of Okawaru.
  2772 | D:3      | Noticed Sigmund
  2783 | D:3      | Killed Sigmund
  2783 | D:3      | Reached *** piety under Trog
  3303 | D:4      | Reached XP level 7. HP: 52/61 MP: 6/6
  3310 | D:4      | Reached skill level 5 in Long Blades
  3455 | D:4      | Found a staircase to the Ecumenical Temple.
  3482 | Temple   | Entered the Ecumenical Temple
  3801 | D:4      | Upgraded the game from 0.27-a0-972-gd1521fd518 to
                  | 0.27-a0-988-g25969acef8
  3822 | D:5      | Entered Level 5 of the Dungeon
  3905 | D:5      | Noticed Eustachio
  3961 | D:5      | Killed Eustachio
  4276 | D:5      | Slain by an orc

Illustrated notes

Levels and vault maps discovered:
D:1:      lemuel_arrival_broad_hall, layout_loops_cross, basic_ecumenical_altar
D:2:      layout_loops_ring, minmay_increasing_density, uniq_jessica,
          uniq_crazy_yiuf_cottage
D:3:      layout_rooms, grunt_temple_overflow_bloody_war, uniq_sigmund
D:4:      layout_rooms, temple_fountains, minmay_unequal, uniq_edmund
D:5:      layout_layer_cave, uniq_duvessa, uniq_eustachio
Temple:   nicolae_temple_elliptical

Skill      XL: |  1  2  3  4  5  6  7 |
---------------+----------------------+-----
Axes           | 4 |  4.9
Fighting       | 4 5 |  5.8
Long Blades    | 2 3 4 5 |  5.8
Dodging        | 3 4 |  4.0
Armour         | 3 4 |  4.8
Stealth        | |  0.5
Shields        | |  0.4

Action                   |  1- 3 |  4- 6 |  7- 9 || total
-------------------------+-------+-------+-------++-------
Melee: Hand axe          |    34 |       |       ||    34
       Headbutt          |    10 |    18 |    10 ||    38
       Long sword        |    19 |    68 |    27 ||   114
       Unarmed           |       |       |     1 ||     1
Invok: Berserk           |     2 |     3 |     2 ||     7
       Trog's Hand       |       |     1 |       ||     1
  Use: Scroll            |       |     3 |       ||     3
       Potion            |       |     1 |       ||     1
Armor: Animal skin       |    13 |     4 |       ||    17
       Ring mail         |       |    32 |    23 ||    55
Dodge: Dodged            |    51 |    57 |    69 ||   177
Block: Buckler           |       |     3 |    13 ||    16
       Rpst.: Long sword |     4 |     7 |    18 ||    29

Table legend: (Time is in decaauts)
 A = Elapsed time spent in this place.
 B = Non-inter-level travel time spent in this place.
 C = Inter-level travel time spent in this place.
 D = Time resting spent in this place.
 E = Time spent auto-exploring this place.
 F = Levels seen in this place.
 G = Mean time per level.
                   A        B        C        D        E       F      G
               +--------+--------+--------+--------+--------+-----+--------+
         Total |   4377 |   4288 |     89 |      0 |   2976 |   6 |  729.5 |
       Dungeon |   4193 |   4111 |     82 |      0 |   2976 |   5 |  838.6 |
        Temple |    183 |    176 |      7 |      0 |      0 |   1 |  183.0 |
               +--------+--------+--------+--------+--------+-----+--------+

Top non-repeatable levels by time:
     D:2: 1492 daAuts
     D:3: 1001 daAuts
     D:1: 872 daAuts
     D:5: 453 daAuts
     D:4: 374 daAuts
  Temple: 183 daAuts
